 Dungeon Crawl Stone Soup version 0.29-a0-1016-g236c7fd91e (webtiles) character file.

Game seed: 6018722529304047730

385 siradein the Trooper (level 6, -1/53 HPs)
             Began as a Ghoul Fighter on Aug 9, 2022.
             Was an Initiate of Okawaru.
             Slain by a hobgoblin
             ... wielding a +0 scythe
              (8 damage)
             ... on level 4 of the Dungeon.
             The game lasted 00:05:39 (2978 turns).

siradein the Trooper (Ghoul Fighter)                Turns: 2978, Time: 00:05:40

Health: -1/53      AC: 11    Str: 22    XL:     6   Next: 77%
Magic:  5/5        EV:  9    Int:  3    God:    Okawaru [......]
Gold:   175        SH:  4    Dex:  8    Spells: 5/5 levels left

rFire   . . .      SeeInvis .   a - +0 war axe
rCold   + . .      Faith    .   c - +0 buckler
rNeg    + + +      Spirit   .   b - +3 scale mail
rPois   ∞          Reflect  .   (no helmet)
rElec   .          Harm     .   (no cloak)
rCorr   .          Rampage  .   (no gloves)
Will    +....                   g - +0 pair of boots
Stlth   ..........              (no amulet)
HPRegen 0.00/turn               e - ring of flight
MPRegen 0.09/turn               n - ring of willpower

@: mighty, flying, inhibited regen
A: claws 1, cold resistance 1, negative energy resistance 3, inhibited
regeneration, torment resistance 2, devour on kill
a: Renounce Religion


You were on level 4 of the Dungeon.
You worshipped Okawaru.
Okawaru was noncommittal.
You visited 1 branch of the dungeon, and saw 4 of its levels.

You collected 175 gold pieces.

Inventory:

Hand Weapons
 a - a +0 war axe (weapon)
Missiles
 k - 21 stones (quivered)
Armour
 b - a +3 scale mail (worn)
 c - a +0 buckler (worn)
 g - a +0 pair of boots (worn)
 l - a +0 chain mail
Jewellery
 e - a ring of flight (left claw)
 n - a ring of willpower (right claw)
Scrolls
 i - 3 scrolls of blinking
 o - a scroll of vulnerability {unknown}
 s - a scroll of immolation {unknown}
 u - a scroll of amnesia {unknown}
 v - a scroll of fear {unknown}
Potions
 f - a potion of brilliance
 j - 2 potions of curing
 m - a potion of lignification {unknown}
 p - a potion of invisibility {unknown}
 q - 2 potions of mutation {unknown}
 r - a potion of flight {unknown}
 t - a potion of haste {unknown}


   Skills:
 + Level 4.7 Fighting
 + Level 3.3 Axes
 + Level 1.9 Throwing
 + Level 3.9 Armour
 + Level 3.8 Shields


You had 5 spell levels left.
You didn't know any spells.
Your spell library was empty.

Dungeon Overview and Level Annotations

Branches:
Dungeon (4/15)
 Temple: D:4-7

Altars:
Cheibriados
Makhleb
Okawaru
Wu Jian
Xom
Yredelemnul

Shops:
D:3 (   D:4 ?


Innate Abilities, Weirdness & Mutations

You are immune to poison.
You have sharp fingernails.
Your flesh is cold resistant. (rC+)
You are immune to negative energy. (rN+++)
You do not regenerate when monsters are visible.
You are immune to unholy pain and torment.
You thrive by killing the living.


Message History

The javelin closely misses the kobold.
The hobgoblin barely misses you. The ogre barely misses you.
You barely miss the ogre.
The ogre is severely wounded.
The hobgoblin hits you from afar with a +0 scythe.
The ogre hits you with a +0 giant spiked club!
You block the hobgoblin's attack.
You are too injured to fight recklessly!
You are too injured to fight recklessly!
You are too injured to fight recklessly!
You are too injured to fight recklessly!
Unknown command.
You are too injured to fight recklessly!
You are too injured to fight recklessly!
Unknown command.
Throw: javelin
Press: ? - help, Q - select action, (/) - cycle Shift-Dir - straight line, f/p - ogre
Aim: an ogre, wielding a +0 giant spiked club (severely wounded, 72% to hit)
You throw a javelin. The javelin pierces through the ogre.
The ogre is almost dead.
The javelin closely misses the hobgoblin. x2
The javelin closely misses the kobold.
You block the hobgoblin's attack.
The ogre hits you with a +0 giant spiked club!
* * * LOW HITPOINT WARNING * * *
Unknown command.
Okay, then.
You see here a quokka corpse.
You feel very mighty all of a sudden.
You barely miss the ogre.
The ogre is almost dead.
The ogre hits you with a +0 giant spiked club.
* * * LOW HITPOINT WARNING * * *
The hobgoblin barely misses you.
You slash the ogre!
You kill the ogre!
Okawaru accepts your kill.
You feel better.
The hobgoblin hits you from afar with a +0 scythe!
You die...

######......##
#.........##...
#.# #.######...##
# ... ###..##
.... ##..# ...g.
##.# g..## #.##
.!.## . #..####
#..##. ##.@).#
#.... ####g####
#####.†#.
#.K..###..)....(
#......K.#######
......##.....#
############....#
####..# ... ##


You could see a hobgoblin and a kobold.

Vanquished Creatures
  Sigmund (D:2)
  A black bear (D:4)
  An ogre (D:4)
  6 adders
  A worm (D:3)
  5 dart slugs
  6 endoplasms
  A giant cockroach (D:2)
  3 goblins
  3 hobgoblins
  8 jackals
  8 kobolds
  4 quokkas
  4 ball pythons
  5 bats
  4 frilled lizards
  7 rats
68 creatures vanquished.

Notes
Turn   | Place    | Note
-------+----------+-------------------------------------------
     0 | D:1      | siradein the Ghoul Fighter began the quest for the Orb.
     0 | D:1      | Reached XP level 1. HP: 19/19 MP: 0/0
    72 | D:1      | Reached XP level 2. HP: 25/26 MP: 1/1
   153 | D:1      | Reached XP level 3. HP: 30/31 MP: 2/2
   399 | D:1      | Found a faded altar of an unknown god.
   792 | D:2      | Reached XP level 4. HP: 40/40 MP: 3/3
  1190 | D:2      | Reached skill level 4 in Fighting
  1316 | D:2      | Noticed Sigmund
  1331 | D:2      | Killed Sigmund
  1332 | D:2      | Reached skill level 1 in Throwing
  1332 | D:2      | Reached XP level 5. HP: 10/47 MP: 4/4
  1332 | D:2      | Reached XP level 6. HP: 11/53 MP: 5/5
  1891 | D:3      | Found an iron altar of Okawaru.
  1901 | D:3      | Found a basalt altar of Yredelemnul.
  1903 | D:3      | Became a worshipper of Warmaster Okawaru
  1905 | D:3      | Found a burning altar of Makhleb.
  1907 | D:3      | Found an ornate altar of the Wu Jian Council.
  1912 | D:3      | Found a shimmering altar of Xom.
  1965 | D:3      | Found a snail-covered altar of Cheibriados.
  2401 | D:3      | Found Qereob's Antique Weapon Boutique.
  2665 | D:4      | Noticed a black bear
  2681 | D:4      | Killed a black bear
  2870 | D:4      | Found Ucelympi's Magic Scroll Shop.
  2978 | D:4      | Slain by a hobgoblin

Illustrated notes

Levels and vault maps discovered:
D:1:      amcnicky_arrival_single_pillar, layout_basic,
          hellmonk_ecumenical_altar_defaced_shrine
D:2:      layout_basic, uniq_sigmund
D:3:      layout_loops_ring, mainiacjoe_overflow_six_doors_small,
          mainiacjoe_overflow_surrounded_room,
          nicolae_overflow_hallway_of_the_gods, serial_shops, shop,
          kennysheep_nondescript, minmay_misc_feat_secret_circle
D:4:      layout_rooms, nicolae_dithmenos_through_a_glass_darkly, serial_shops,
          nicolae_shop_statue_plus, grunt_ministairs_15, sigmund_army

Skill      XL: |  1  2  3  4 |
---------------+-------------+-----
Axes           | 2 3 |  3.3
Armour         | 3 |  3.9
Shields        | 3 |  3.8
Fighting       | 4 |  4.7
Throwing       | 1 |  1.9

Action                   |  1- 3 |  4- 6 || total
-------------------------+-------+-------++-------
Melee: War axe           |    72 |    97 ||   169
Throw: Javelin           |       |     4 ||     4
  Use: Potion            |       |     3 ||     3
       Scroll            |       |     3 ||     3
Armor: Scale mail        |    33 |    44 ||    77
       Leather armour    |       |     8 ||     8
Dodge: Dodged            |    42 |    58 ||   100
Block: Buckler           |    24 |    28 ||    52

Table legend: (Time is in decaauts)
 A = Elapsed time spent in this place.
 B = Non-inter-level travel time spent in this place.
 C = Inter-level travel time spent in this place.
 D = Time resting spent in this place.
 E = Time spent auto-exploring this place.
 F = Levels seen in this place.
 G = Mean time per level.
                   A        B        C        D        E       F      G
               +--------+--------+--------+--------+--------+-----+--------+
         Total |   3047 |   2920 |    127 |      0 |   2395 |   4 |  761.8 |
       Dungeon |   3047 |   2920 |    127 |      0 |   2395 |   4 |  761.8 |
               +--------+--------+--------+--------+--------+-----+--------+

Top non-repeatable levels by time:
     D:2: 1171 daAuts
     D:3: 839 daAuts
     D:1: 675 daAuts
     D:4: 360 daAuts
